 Dungeon Crawl Stone Soup version 0.32-a0-411-g744942f433 (webtiles) character file.

Game seed: 9662770407964833256

95 Drazool the Slasher (level 4, -4/33 HPs)
             Began as a Coglin Gladiator on Feb 21, 2024.
             Slain by a gnoll
             ... wielding a +0 whip
              (5 damage)
             ... on level 2 of the Dungeon.
             The game lasted 00:03:08 (842 turns).

Drazool the Slasher (Coglin Gladiator)               Turns: 842, Time: 00:03:08

Health: -4/33      AC:  4    Str: 14    XL:     4   Next: 66%
Magic:  4/4        EV: 12    Int:  7    God:
Gold:   50         SH:  0    Dex: 18    Spells: 3/3 levels left

rFire   . . .        a - +0 long sword {Cedro}
rCold   . . .        g - +0 dagger {Harkiran}
rNeg    . . .        b - +0 leather armour
rPois   .            c - +0 helmet
rElec   .            (no cloak)
rCorr   .            (no gloves)
SInv    .            (no boots)
Will    .....        (no amulet)
Stlth   +            (no ring)
HPRegen 0.25/turn    (no ring)
MPRegen 0.09/turn

%: no passive effects
@: immotile, revved
A: off-hand wielding, slow wielding, warmup strikes, legs shutdown
a: no special abilities


You were on level 2 of the Dungeon.
You visited 1 branch of the dungeon, and saw 2 of its levels.

You collected 50 gold pieces.


Innate Abilities, Weirdness & Mutations

You can wield a second weapon in your off-hand.
It takes a long time for you to wield or remove held weapons.
Your first few attacks do less damage.
Attacking and casting redirects power from your legs.


   Skills:
 - Level 2.0 Fighting
 + Level 5.2 Long Blades
 - Level 1.7 Throwing
 - Level 2.6 Dodging


You had 3 spell levels left.
You didn't know any spells.
Your spell library contained the following spells:

 Spells                   Type           Power      Damage    Failure   Level
 Scorch                   Fire           0%         2d5       65%         2
 Cause Fear               Hex            0%         N/A       99%         4
 Flame Wave               Conj/Fire      0%         2d4       99%         4
 Fireball                 Conj/Fire      0%         3d3       100%        5
 Summon Cactus Giant      Summ           0%         N/A       100%        6
 Dragon's Call            Summ           0%         N/A       100%        9

Inventory:

Hand Weapons
 a - a +0 long sword (weapon) {Cedro}
 g - a +0 dagger (offhand) {Harkiran}
Missiles
 d - 3 throwing nets (quivered) {=f}
 e - a javelin
Armour
 b - a +0 leather armour (worn)
 c - a +0 helmet (worn)
Scrolls
 k - a scroll of blinking {unknown}
 l - a scroll of fog {unknown}
 n - a scroll of teleportation {unknown}
 o - a scroll of amnesia {unknown}
Potions
 f - a potion of brilliance {unknown}
 h - a potion of magic {unknown}
 i - a potion of resistance {unknown}
 j - a potion of curing {unknown}
 m - a potion of mutation {unknown}

Dungeon Overview and Level Annotations

Branches:
Dungeon (2/15)

Altars:
Zin

########.#..##†# .#
#.###......#.......#
#..................#
######..⚑.............)
#######.........g..(..##
#..>...........g......#
..#........###....g....##
#....(....$# #.........#
###......g@# #g........#
#......gr##..........
#........)..........
#........#.........
#..............#.
########.......#.
..#....### .[...#....
.#.##....#.


You could see 2 gnolls and a rat.


Message History

You hit the gnoll with your +0 long sword.
The gnoll is severely wounded.
You closely miss the gnoll with your +0 dagger.
The rat bites you.
* * * LOW HITPOINT WARNING * * *
The gnoll barely misses you. The gnoll closely misses you.
Unknown command.
You hit the gnoll with your +0 dagger.
The gnoll is almost dead.
You barely miss the gnoll with your +0 long sword.
The rat misses you. The gnoll misses you. The gnoll barely misses you.
You barely miss the gnoll with your +0 long sword.
The gnoll is almost dead.
You closely miss the gnoll with your +0 dagger.
The rat closely misses you. The gnoll hits you with a +0 whip.
* * * LOW HITPOINT WARNING * * *
The gnoll hits you with a +0 club.
* * * LOW HITPOINT WARNING * * *
You barely miss the gnoll with your +0 dagger.
The gnoll is almost dead.
You closely miss the gnoll with your +0 long sword.
The rat bites you.
* * * LOW HITPOINT WARNING * * *
The gnoll barely misses you. The gnoll hits you with a +0 club!
* * * LOW HITPOINT WARNING * * *
You barely miss the gnoll with your +0 dagger.
The gnoll is almost dead.
You closely miss the gnoll with your +0 long sword.
The rat barely misses you. The gnoll hits you with a +0 whip.
You die...

Skill      XL: |  1  2  3  4 |
---------------+-------------+-----
Long Blades    | 4 5 |  5.2
Fighting       | |  2.0
Throwing       | |  1.7
Dodging        | |  2.6

Action                     |  1- 3 |  4- 6 || total
---------------------------+-------+-------++-------
  Melee: Long sword        |    43 |    23 ||    66
         Dagger            |    36 |    20 ||    56
 Armour: Leather armour    |    19 |    20 ||    39
  Dodge: Dodged            |    22 |    23 ||    45

Levels and vault maps discovered:
D:1:      ncdulo_smallfort, layout_loops_cross, chequers_serial_rivers_micro_b
D:2:      layout_rooms, basic_altar, minmay_pentomino_t4

Notes
Turn   | Place    | Note
-------+----------+-------------------------------------------
     0 | D:1      | Drazool the Coglin Gladiator began the quest for the Orb.
     0 | D:1      | Reached XP level 1. HP: 16/16 MP: 1/1
    43 | D:1      | Reached XP level 2. HP: 22/22 MP: 2/2
   213 | D:1      | Reached skill level 4 in Long Blades
   302 | D:1      | Reached XP level 3. HP: 24/27 MP: 3/3
   574 | D:1      | Reached XP level 4. HP: 33/33 MP: 4/4
   787 | D:2      | Found a glowing silver altar of Zin.
   827 | D:2      | Reached skill level 5 in Long Blades
   841 | D:2      | HP: 1/33 [gnoll/+0 club (8)]
   842 | D:2      | Slain by a gnoll

Vanquished Creatures
  3 gnolls
  2 dart slugs (D:1)
  3 endoplasms
  2 giant cockroaches (D:2)
  5 goblins (D:1)
  2 hobgoblins (D:1)
  2 kobolds (D:1)
  4 ball pythons
  5 bats
  A frilled lizard (D:2)
  6 rats (D:1)
35 creatures vanquished.

Table legend: (Time is in decaauts)
 A = Elapsed time spent in this place.
 B = Non-inter-level travel time spent in this place.
 C = Inter-level travel time spent in this place.
 D = Time resting spent in this place.
 E = Time spent auto-exploring this place.
 F = Levels seen in this place.
 G = Mean time per level.
                   A        B        C        D        E       F      G
               +--------+--------+--------+--------+--------+-----+--------+
         Total |    842 |    808 |     34 |      0 |    608 |   2 |  421.0 |
       Dungeon |    842 |    808 |     34 |      0 |    608 |   2 |  421.0 |
               +--------+--------+--------+--------+--------+-----+--------+

Top non-repeatable levels by time:
     D:1: 761 daAuts
     D:2: 81 daAuts

Table legend:
 A = Non-vault XP
 B = Vault XP
 C = Vault XP percentage of total XP
 D = Non-vault monster count
 E = Vault monster count
 F = Vault count percentage of total count
                 A         B        C        D         E       F
            +---------+---------+-------+---------+---------+-------
      Total |     131 |       6 |   4.4 |      33 |       2 |   5.7
            +---------+---------+-------+---------+---------+-------
        D:1 |      86 |       0 |   0.0 |      26 |       0 |   0.0
        D:2 |      45 |       6 |  11.8 |       7 |       2 |  22.2
            +---------+---------+-------+---------+---------+-------
